 Dungeon Crawl Stone Soup version 0.28.0-49-g6dfe1f597d (webtiles) character file.

Game seed: 18436606030613655231

85 Zeld the Changer (level 4, 0/28 HPs)
             Began as an Octopode Transmuter on May 13, 2022.
             Slain by an orc
             ... wielding a +2 falchion of electrocution
              (8 damage)
             ... on level 3 of the Dungeon.
             The game lasted 00:02:07 (2745 turns).

Zeld the Changer (Octopode Transmuter)              Turns: 2745, Time: 00:02:08

Health: 0/28       AC:  1    Str: 11    XL:     4   Next: 48%
Magic:  7/8        EV: 13    Int: 15    God:
Gold:   36         SH:  0    Dex: 12    Spells: 3/9 levels left

rFire   . . .      SeeInvis .     - Unarmed
rCold   . . .      Faith    .   (no shield)
rNeg    . . .      Spirit   .   (helmet currently unavailable)
rPois   .          Reflect  .   (no amulet)
rElec   .          Harm     .   (no ring)
rCorr   .          Rampage  .   (no ring)
Will    .....                   (no ring)
Stlth   ++........              (no ring)
HPRegen 0.09/turn               (no ring)
MPRegen 0.11/turn               (no ring)
                                (no ring)
                                (no ring)

@: appendages
A: tentacle spike 3, almost no armour, amphibious, 8 rings, camouflage 1,
gelatinous body 1, (nimble swimmer 1), tentacles
a: End Transformation


You were on level 3 of the Dungeon.
One of your tentacles had grown a beastly spike.
You visited 1 branch of the dungeon, and saw 3 of its levels.

You collected 36 gold pieces.

Inventory:

Scrolls
 a - 2 scrolls of teleportation {unknown}
 b - 2 scrolls of identify {unknown}
 e - a scroll of enchant armour {unknown}
 f - a scroll of magic mapping {unknown}
Potions
 c - a potion of curing {unknown}
 d - a potion of degeneration {unknown}


   Skills:
 - Level 1.0 Fighting
 + Level 2.6 Dodging
 - Level 3.0 Unarmed Combat
 * Level 3.1 Spellcasting
 * Level 3.2 Transmutations


You had 3 spell levels left.
You knew the following spells:

 Your Spells              Type           Power      Damage    Failure   Level
a - Beastly Appendage     Tmut           24%        N/A       5%          1
b - Wereblood             Tmut           12%        N/A       8%          2
c - Spider Form           Tmut/Pois      7%         N/A       30%         3

Your spell library contained the following spells:

 Spells                   Type           Power      Damage    Failure   Level
 Summon Guardian Golem    Hex/Summ       2%         N/A       52%         3
 Ice Form                 Ice/Tmut       7%         N/A       71%         4
 Passage of Golubria      Tloc           2%         N/A       89%         4
 Dispersal                Tloc           1%         N/A       100%        6
 Spellforged Servitor     Conj/Summ      1%         N/A       100%        7


Dungeon Overview and Level Annotations

Branches:
Dungeon (3/15)

Altars:


Innate Abilities, Weirdness & Mutations

One of your tentacles has grown a beastly spike.
You cannot wear most types of armour.
You are amphibious.
You can wear up to eight rings at the same time.
Your skin changes colour to match your surroundings (Stealth+).
Your rubbery body absorbs attacks. (AC +1, EV +1)
((You are camouflaged when in or above water. (Stealth+)))
You have tentacles for arms and can constrict up to eight enemies at once.


Message History

The orc wizard gestures wildly while chanting.
The orc wizard flickers and vanishes!
There is a stone staircase leading up here.
The orc misses you.
A puff of flame appears from out of thin air!
The puff of flame misses you.
You climb upwards.
Reactivating autopickup.
There is a stone staircase leading down here.
Casting: Beastly Appendage (safe; 5% risk of failure)
Confirm with . or Enter, or press ? or * to list all spells.
One of your tentacles grows a vicious spike.
The orc hits you with a +0 club.
You tentacle-slap the orc but do no damage.
You grab the orc. You squeeze the orc.
You kill the orc!
Things that are here:
a +0 club; a +0 chain mail; an orc corpse You start resting.
Your transformation is almost over.
Magic restored.
You start resting.
Your tentacle spike disappears.
HP restored.
There is a stone staircase leading down here.
Done exploring.
You climb downwards.
The orc misses you. The orc closely misses you.
There is a stone staircase leading up here.
Casting: Beastly Appendage (safe; 5% risk of failure)
Confirm with . or Enter, or press ? or * to list all spells.
One of your tentacles grows a vicious spike.
The orc hits you with a +2 falchion of electrocution.
You are electrocuted!
Ouch! That really hurt!
* * * LOW HITPOINT WARNING * * *
You tentacle-slap the orc. Your grab misses the orc.
You pierce the orc.
Your squeeze misses the orc.
The orc is heavily wounded.
The orc hits you with a +2 falchion of electrocution!
You die...

. #......#....................
.. #####.....#.................
...###.....^...............#....
................#...........###
..##...(......#.#............
..##..........#$#.#######.....
............†..#.#.# .....
..#)######.#.......#
........o..##.#@...#
...####$#..oo.o....#
#.##.##.....## #.##.##.#.....
#ooo.#..#...... .o............##
.$......?...#.. .(..... ...####.
#.....


You could see 2 orc wizards and an orc.

Vanquished Creatures
  2 adders
  A worm (D:2)
  A dart slug (D:2)
  2 orcs (D:2)
  4 ball pythons
  7 bats
  6 endoplasms
  3 giant cockroaches
  A goblin (D:2)
  3 hobgoblins
  4 jackals (D:1)
  3 quokkas
  A frilled lizard (D:2)
  10 kobolds
  7 rats
55 creatures vanquished.

Vanquished Creatures (others)
  2 fungi (D:1)
  2 plants (D:1)
4 creatures vanquished.

Grand Total: 59 creatures vanquished

Notes
Turn   | Place    | Note
-------+----------+-------------------------------------------
     0 | D:1      | Zeld the Octopode Transmuter began the quest for the Orb.
     0 | D:1      | Reached XP level 1. HP: 13/13 MP: 3/3
   336 | D:1      | Reached XP level 2. HP: 7/18 MP: 3/5
   528 | D:1      | Learned a level 2 spell: Wereblood
   865 | D:1      | Found a faded altar of an unknown god.
  1444 | D:2      | Reached XP level 3. HP: 23/23 MP: 4/6
  1481 | D:2      | Learned a level 3 spell: Spider Form
  2091 | D:2      | Reached XP level 4. HP: 24/28 MP: 6/8
  2662 | D:3      | Got the Tome of Unstable Calling
  2745 | D:3      | Slain by an orc

Illustrated notes

Levels and vault maps discovered:
D:1:      elethiomel_arrival_maze, layout_loops_ring,
          shapermc_ecumenical_altar_mp_urbaneastern
D:2:      minmay_skewed_foursquare, layout_basic
D:3:      layout_rooms, mainiacjoe_overflow_brackets

Skill      XL: |  1  2  3  4 |
---------------+-------------+-----
Transmutations | 3 |  3.2
Spellcasting   | 3 |  3.1
Fighting       | |  1.0
Dodging        | |  2.6
Unarmed Combat | |  3.0

Action                   |  1- 3 |  4- 6 || total
-------------------------+-------+-------++-------
Melee: Unarmed           |    97 |    35 ||   132
       Kick              |    23 |    12 ||    35
       Constrict         |    18 |    11 ||    29
       Tentacles         |    12 |     5 ||    17
       Punch             |     4 |       ||     4
 Cast: Beastly Appendage |    30 |    11 ||    41
 Stab: Sleeping          |     3 |     4 ||     7
Armor: Skin              |     5 |    12 ||    17
Dodge: Dodged            |    82 |    20 ||   102
